AoeStats
← a.l.a.n.t

Fortress

509835451Analyzed
4v4 RM · 4d ago on Sep 28, 2026· 28m 46s· 8 players
Game mode
Random Map
Map size
Huge
Population
200
Speed
Normal
Resources
Standard
Victory
Conquest
Starting age
Dark Age
Ending age
Imperial Age
RankedLock teamsTeams togetherTeam positionsShared explorationLock speedFull tech treeHidden civsTurbo modeCheats
Victory
Defeat
🇧🇷 Slavs · Brazil
1359
+10
🇬🇧 Ethiopians · United Kingdom
1339
+10
🇧🇪 Khmer · Belgium
1175
+17
🇦🇷 Bohemians · Argentina
1141
+17
🇨🇳 Hindustanis · China
1275
-17
🇳🇵 Persians · Nepal
1246
-15
🇮🇳 Bulgarians · India
1160
-12
🇹🇼 Chinese · Taiwan
1117
-10
GemGem27
8:08 Feudal Age
12:42 Castle Age
10:43 Horse Collar
10:49 Double-Bit Axe
11:44 Loom
12:36 Wheelbarrow
17:51 Bow Saw
19:15 Heavy Plow
25:42 Imperial Age
23:39 Scale Barding Armor
23:56 Town Watch
24:54 Chain Barding Armor
25:20 Hand Cart
25:05 Town Patrol
25:19 Bloodlines
25:09 Husbandry
25:46 Forging
25:37 Cavalier
27:23 Plate Barding Armor
27:36 Husbandry
27:03 Light Cavalry
28:57 Iron Casting
28:24 Fletching
30:13 Two-Man Saw
28:37 Hussar
NaBhai
Wolong Qi
6:55 Feudal Age
11:14 Castle Age
9:25 Horse Collar
9:37 Double-Bit Axe
14:04 Loom
16:26 Wheelbarrow
16:52 Bow Saw
18:59 Heavy Plow
20:45 Hand Cart
20:17 Town Watch
25:29 Imperial Age
23:25 Husbandry
24:07 Scale Mail Armor
24:17 Forging
24:40 Ballistics
24:31 Masonry
24:52 Bloodlines
25:25 Scale Barding Armor
25:36 Chain Mail Armor
26:29 Iron Casting
26:14 Chain Barding Armor
26:12 Squires
26:25 Fletching
27:37 Chemistry
27:04 Conscription
27:04 Siege Elephant
27:47 Bodkin Arrow
28:53 Blast Furnace
28:32 Grand Trunk Road
28:35 Heavy Camel Rider
TawdryCorn6602
8:23 Feudal Age
12:25 Castle Age
10:09 Horse Collar
11:00 Double-Bit Axe
13:24 Bow Saw
13:42 Heavy Plow
14:50 Wheelbarrow
17:27 Hand Cart
20:38 Gold Mining
20:39 Stone Mining
22:42 Gold Shaft Mining
22:46 Stone Shaft Mining
25:02 Imperial Age
23:01 Fletching
23:23 Padded Archer Armor
23:34 Forging
23:45 Town Watch
23:45 Loom
23:57 Bodkin Arrow
24:51 Ballistics
25:25 Leather Archer Armor
25:46 Iron Casting
25:11 Scale Mail Armor
26:29 Thumb Ring
27:29 Chemistry
26:45 Bracer
27:36 Ring Archer Armor
28:11 Two-Man Saw
27:51 Conscription
RikuDômiNique
7:46 Feudal Age
11:40 Castle Age
9:39 Double-Bit Axe
9:55 Horse Collar
12:47 Bow Saw
13:30 Heavy Plow
18:18 Wheelbarrow
17:32 Loom
19:56 Gold Mining
19:59 Stone Mining
21:42 Gold Shaft Mining
22:13 Hand Cart
21:44 Town Watch
25:42 Imperial Age
23:39 Fletching
24:05 Bloodlines
23:55 Husbandry
24:50 Padded Archer Armor
24:48 Bodkin Arrow
24:53 Padded Archer Armor
25:49 Ballistics
26:13 Elite Ballista Elephant
27:15 Conscription
26:57 Double Crossbow
28:00 Chemistry
27:23 Capped Ram
28:37 Masonry
28:11 Light Cavalry
28:38 Siege Ram
29:29 Scale Barding Armor
29:25 Bracer
a.l.a.n.t
7:58 Feudal Age
8:58 Double-Bit Axe
9:27 Horse Collar
11:58 Castle Age
13:25 Bow Saw
18:54 Wheelbarrow
18:06 Loom
24:28 Imperial Age
24:36 Imperial Age
21:44 Crossbowman
23:25 Devotion
23:32 Fletching
23:42 Padded Archer Armor
24:06 Ballistics
23:59 Thumb Ring
24:31 Bodkin Arrow
24:50 Arbalester
26:42 Chemistry
25:54 Bracer
28:18 Leather Archer Armor
Tabosa
7:33 Feudal Age
11:26 Castle Age
9:50 Double-Bit Axe
9:47 Horse Collar
12:29 Bow Saw
12:18 Loom
14:49 Heavy Plow
16:59 Gold Mining
16:59 Stone Mining
18:40 Wheelbarrow
18:37 Stone Mining
21:16 Gold Shaft Mining
21:25 Hand Cart
25:28 Imperial Age
23:30 Scale Barding Armor
23:37 Detinets
24:41 Fletching
25:05 Forging
25:23 Chain Barding Armor
26:38 Iron Casting
26:09 Town Watch
27:21 Plate Barding Armor
27:23 Iron Casting
27:10 Conscription
28:05 Two-Man Saw
27:36 Crop Rotation
28:04 Conscription
Nitsuga
8:07 Feudal Age
12:17 Castle Age
11:41 Double-Bit Axe
11:38 Horse Collar
18:32 Imperial Age
18:06 Loom
20:18 Chemistry
19:46 Town Watch
21:36 Bow Saw
28:19 Padded Archer Armor
Connection lost

Rejoining the realm…

Still unreachable

The connection could not be restored.

Session expired

The server has moved on; the page needs a fresh start.